 Dungeon Crawl Stone Soup version 0.21-a0-633-g4c047d5f35 (webtiles) character file.

85 RaHiT the Slasher (level 4, 0/35 HPs)
             Began as a Human Chaos Knight on Dec 28, 2017.
             Killed from afar by a goblin (9 damage)
             ... with a wand of flame (31)
             ... on level 2 of the Dungeon.
             The game lasted 00:24:58 (1258 turns).

RaHiT the Slasher (Human Chaos Knight)              Turns: 1258, Time: 00:24:59

Health: 0/35       AC:  4    Str: 14    XL:     4   Next: 75%
Magic:  4/4        EV: 11    Int: 12    God:    Xom [......]
Gold:   61         SH:  0    Dex: 12    Spells: 3/3 levels left

rFire    . . .     SeeInvis .   a - +0 falchion (chaos)
rCold    . . .     Gourm    .   (no shield)
rNeg     . . .     Faith    .   b - +2 leather armour
rPois    .         Spirit   .   (no helmet)
rElec    .         Reflect  .   p - +0 cloak
rCorr    .         Harm     .   (no gloves)
MR       .....                  (no boots)
Stlth    +.........             (no amulet)
HPRegen  0.11/turn              i - -2 ring of protection (curse)
MPRegen  0.09/turn              (no ring)

@: no status effects
A: no striking features
a: Renounce Religion


You were on level 2 of the Dungeon.
You worshipped Xom.
You were a very special plaything of Xom.
You were not hungry.

You visited 1 branch of the dungeon, and saw 2 of its levels.

You collected 61 gold pieces.

Inventory:

Hand Weapons
 a - a +0 falchion of chaos (weapon)
Missiles
 k - 58 stones
 r - 7 poisoned javelins (quivered)
Armour
 b - a +2 leather armour (worn)
 p - a +0 cloak (worn)
Jewellery
 i - a cursed -2 ring of protection (left hand)
Scrolls
 d - a scroll of enchant weapon {unknown}
 h - 2 scrolls of identify {unknown}
 l - a scroll of random uselessness {unknown}
 n - a scroll of remove curse {unknown}
Potions
 e - 2 potions of mutation {unknown}
 j - a potion of degeneration {unknown}
 m - a potion of berserk rage {unknown}
 o - a potion of invisibility {unknown}
 q - a potion of agility {unknown}
Comestibles
 c - 4 rations
 f - 6 chunks of flesh


   Skills:
 - Level 3.0 Fighting
 * Level 5.1 Long Blades
 - Level 2.0 Armour
 - Level 1.0 Dodging


You had 3 spell levels left.
You didn't know any spells.

Dungeon Overview and Level Annotations

Branches:
Dungeon (2/15)

Altars:
Gozag

Shops:
D:2 *


Message History

You hit the goblin.
You kill the goblin!
You hit the giant cockroach.
The giant cockroach is poisoned.
The giant cockroach is heavily wounded.
You kill the giant cockroach!
You feel your dexterity returning.
The goblin zaps a wand.
The puff of flame hits you!
A shower of butterflies erupts from you!
It is a wand of flame (33).
Things that are here:
a trident; 15 gold pieces; a goblin corpse You swap places.
The goblin zaps a wand.
The puff of flame hits you! The goblin closely misses you.
You hit the goblin but do no damage.
The goblin zaps a wand.
The puff of flame hits you!
* * * LOW HITPOINT WARNING * * *
You barely miss the goblin.
The goblin zaps a wand.
The puff of flame hits you!
You die... "This toy is broken."

###.............#### .#
..............## .#
##........##..########.#
#.......###...>.≈≈≈≈≈≈≈...
###.#..## #.####≈.....≈≈≈≈.
###..<..# #.#.b.≈b⌠.⌠....≈.
#.......###.#...≈..∩..._...
#.#.#)#.#bb.g.).≈.⌠.⌠....≈.
#.#.#......@#...≈.....≈≈≈≈
#####.#.#....#..#...≈≈≈≈≈≈≈....
#...#........#b.#........##..g.
#......>##......#######<..s#
##......#.....b#.# ##...#
#......##.####...# .#...#
......###.###....# .# #..r
##...## #.....#..### .# ..
##...# #######....# .. #


You could see a goblin.

Vanquished Creatures
  A worker ant (D:2)
  An adder (D:1)
  An ooze (D:1)
  A dart slug (D:2)
  A ball python (D:1)
  7 bats
  5 giant cockroaches
  5 goblins
  7 hobgoblins
  A quokka (D:2)
  3 frilled lizards (D:2)
  5 kobolds
  6 rats
44 creatures vanquished.

Notes
Turn   | Place    | Note
-------+----------+-------------------------------------------
     0 | D:1      | RaHiT the Human Chaos Knight began the quest for the Orb.
     0 | D:1      | Reached XP level 1. HP: 18/18 MP: 1/1
    83 | D:1      | Reached XP level 2. HP: 17/24 MP: 2/2
   232 | D:1      | XOM: potion effect (haste)
   271 | D:1      | XOM: harmless Necr miscast
   394 | D:1      | Reached skill level 4 in Long Blades
   394 | D:1      | Reached XP level 3. HP: 29/29 MP: 3/3
   635 | D:1      | XOM: harmless Erth miscast
   827 | D:1      | XOM: stat loss: -1 Dex (11/12)
   902 | D:2      | XOM: polymorph adder -> worker ant
   934 | D:2      | Found Gozag's Platinum Reserve.
   934 | D:2      | Found an opulent altar of Gozag.
  1064 | D:2      | Reached XP level 4. HP: 35/35 MP: 4/4
  1071 | D:2      | XOM: stat loss: -1 Dex (10/12)
  1223 | D:2      | Reached skill level 5 in Long Blades
  1253 | D:2      | XOM: butterfly on damage
  1258 | D:2      | Killed from afar by a goblin

Vault maps used:
D:1:      lightli_arrival_isolated_outpost
D:2:      nicolae_gozag_zags_fifth_avenue, serial_aquarium,
          aquarium_bridge_square, aquarium_bridge_straight,
          aquarium_window_fake, aquarium_window_corridor_1, aquarium_view_2d

Skill      XL: |  1  2  3  4 |
---------------+-------------+-----
Long Blades    | 4 5 |  5.1
Fighting       | |  3.0
Armour         | |  2.0
Dodging        | |  1.0

Action                   |  1- 3 |  4- 6 || total
-------------------------+-------+-------++-------
Melee: Falchion          |    67 |    23 ||    90
Throw: Stone             |    11 |       ||    11
       Javelin           |       |     1 ||     1
 Stab: Confused          |     1 |       ||     1
  Eat: Chunk             |     1 |       ||     1
Armor: Leather armour    |     8 |     5 ||    13
Dodge: Dodged            |    42 |    11 ||    53
       Rpst.: Falchion   |    15 |     6 ||    21

Table legend:
 A = Spawn XP
 B = Non-spawn XP
 C = Spawn XP percentage of total XP
 D = Spawn monster count
 E = Non-spawn monster count
 F = Spawn count percentage of total count
 G = Total turns spent on level
                    A         B        C        D         E        F      G
               +---------+---------+-------+---------+---------+-------+---------
         Total |       0 |     122 |   0.0 |       0 |      44 |   0.0 |  1258
               +---------+---------+-------+---------+---------+-------+---------
           D:1 |       0 |      63 |   0.0 |       0 |      28 |   0.0 |   980
           D:2 |       0 |      59 |   0.0 |       0 |      16 |   0.0 |   278
               +---------+---------+-------+---------+---------+-------+---------
